 Dungeon Crawl Stone Soup version 0.27.1-35-g4d5d836560 (webtiles) character file.

Game seed: 16231737730946542772

2901 Froggeryz the Grappler (level 9, 0/93 HPs)
             Began as an Octopode Berserker on Dec 2, 2022.
             Was an Elder of Trog.
             Slain by a sky beast (6 damage)
             ... on level 7 of the Dungeon.
             The game lasted 00:08:08 (6668 turns).

Froggeryz the Grappler (Octopode Berserker)         Turns: 6668, Time: 00:08:09

Health: 0/93       AC:  5    Str: 16    XL:     9   Next: 78%
Magic:  9/9        EV: 14    Int: 10    God:    Trog [****..]
Gold:   191        SH:  0    Dex: 14    Spells: 8/8 levels left

rFire    . . .     SeeInvis .     - Unarmed
rCold    . . .     Faith    .   (no shield)
rNeg     + . .     Spirit   .   (helmet restricted)
rPois    .         Reflect  .   (no amulet)
rElec    .         Harm     .   k - +4 ring of protection
rCorr    +         Rampage  .   i - ring of positive energy
Will     ++...                  l - ring of resist corrosion
Stlth    ..........             (no ring)
HPRegen  1.25/turn              (no ring)
MPRegen  0.11/turn              (no ring)
                                (no ring)
                                (no ring)

@: berserking (expiring), strong-willed, regenerating, very quick
A: almost no armour, amphibious, 8 rings, camouflage 1, gelatinous body 1,
(nimble swimmer 1), tentacles
a: Renounce Religion, Berserk, Trog's Hand, Brothers in Arms


You were on level 7 of the Dungeon.
You worshipped Trog.
Trog was greatly pleased with you.
You visited 1 branch of the dungeon, and saw 7 of its levels.

You collected 306 gold pieces.
You spent 115 gold pieces at shops.

Inventory:

Missiles
 p - 5 poisoned darts (quivered)
Jewellery
 i - a ring of positive energy (right tentacle)
 k - a +4 ring of protection (left tentacle)
 l - a ring of resist corrosion (on tentacle)
Wands
 h - a wand of acid (7)
 o - a wand of digging (2)
 s - a wand of flame (20)
Scrolls
 a - 2 scrolls of teleportation
 b - a scroll of magic mapping
 c - 3 scrolls of fog {unknown}
 d - a scroll of immolation
 f - 3 scrolls of blinking
 m - 2 scrolls of amnesia {unknown}
 n - a scroll of enchant weapon {unknown}
 v - a scroll of enchant armour {unknown}
 w - a scroll of identify
 y - a scroll of noise {unknown}
Potions
 e - a potion of lignification
 g - a potion of haste
 j - 2 potions of berserk rage
 q - 3 potions of curing {unknown}
 r - a potion of heal wounds
 t - a potion of attraction {unknown}
 u - a potion of flight {unknown}
 x - a potion of ambrosia {unknown}


   Skills:
 - Level 6.2 Fighting
 + Level 4.4 Dodging
 - Level 7.0 Stealth
 * Level 10.7 Unarmed Combat


You had 8 spell levels left.
You didn't know any spells.
Your spell library was empty.

Dungeon Overview and Level Annotations

Branches:
Dungeon (7/15)             Temple (0/1) D:6

Altars:
Ru

Shops:
D:1 ?   D:4 *   D:6 =

Annotations:
D:5 3 runed translucent doors, Sapher's ghost, weakling TrDe


Innate Abilities, Weirdness & Mutations

You cannot wear most types of armour.
You are amphibious.
You can wear up to eight rings at the same time.
Your skin changes colour to match your surroundings (Stealth+).
Your rubbery body absorbs attacks. (AC +1, EV +1)
((You are camouflaged near water. (Stealth+)))
You have tentacles for arms and can constrict up to eight enemies at once.


Message History

The wight is almost destroyed.
The kobold barely misses you. The wight barely misses you.
The wight hits you from afar with a +0 spear.
You bludgeon the wight!
You destroy the wight!
Trog accepts your kill.
You closely miss the kobold. Your grab misses the kobold.
The kobold barely misses you. The wight misses you.
You barely miss the wight. You grab the wight.
You constrict the wight, but do no damage.
The wight hits you with a +0 battleaxe. You partially resist.
You feel drained.
You bludgeon the wight!
The wight is heavily damaged.
You constrict the wight. The kobold barely misses you.
The wight hits you from afar with a +0 spear!
* * * LOW HITPOINT WARNING * * *
You batter the wight!!
You destroy the wight!
Trog accepts your kill.
Your life force feels restored.
You barely miss the kobold. Your grab misses the kobold.
You squeeze the kobold.
You kill the kobold!
Trog accepts your kill. The wight closely misses you.
You barely miss something.
Your tentacle-slap misses something.
You squeeze something!
The kobold throws a stone.
The stone barely misses you. Something hits you.
* * * LOW HITPOINT WARNING * * *
Something shocks you.
* * * LOW HITPOINT WARNING * * *
You closely miss the wight. Your grab misses the wight.
The wight barely misses you.
The wight hits you with a +4 great sword!
* * * LOW HITPOINT WARNING * * *
The kobold throws a stone.
The stone closely misses you.
You completely miss the wight. Your grab misses the wight. Something hits you.
* * * LOW HITPOINT WARNING * * *
Something shocks you.
You die...

##### ### ...#+#### #
#... ##.......#.#..
..... ........#....
......####z...........
........@{#..........
......###zK........#
...........<.......#
.......###...).....#
...................#
.. . ......##..)##.# .
.......##...# #
#......##...#
#............


You could see 2 wights and a kobold.

Vanquished Creatures
  Sigmund (D:3)
  3 yaks (D:4)
  Menkaure (D:6)
  2 water moccasins
  A sky beast (D:6)
  An ice beast (D:7)
  2 black bears
  2 ogres
  2 necrophages
  A phantom (D:5)
  A kobold brigand (D:7)
  2 scorpions (D:5)
  A howler monkey (D:6)
  6 wights
  4 jellies
  A centaur zombie (D:6)
  2 hounds
  3 orc priests
  A bullfrog skeleton (D:5)
  2 centaur skeletons
  Crazy Yiuf (D:3)
  Jessica (D:2)
  An iguana (D:5)
  2 orc wizards
  A howler monkey zombie (D:5)
  A howler monkey skeleton (D:5)
  4 adders
  A shadow imp (D:6)
  2 white imps (D:6)
  2 ufetubi
  An adder skeleton (D:5)
  3 worms
  5 dart slugs
  14 orcs
  5 bats
  6 endoplasms
  5 giant cockroaches
  5 goblins
  6 hobgoblins
  11 jackals
  6 quokkas
  9 ball pythons
  5 frilled lizards
  9 kobolds
  11 rats
156 creatures vanquished.

Notes
Turn   | Place    | Note
-------+----------+-------------------------------------------
     0 | D:1      | Froggeryz the Octopode Berserker began the quest for the
                  | Orb.
     0 | D:1      | Reached XP level 1. HP: 16/16 MP: 1/1
   186 | D:1      | Reached XP level 2. HP: 21/21 MP: 2/2
   192 | D:1      | Found Lemmyhyaj's Magic Scroll Emporium.
   644 | D:1      | Reached XP level 3. HP: 25/26 MP: 3/3
   907 | D:1      | Found a faded altar of an unknown god.
  1239 | D:1      | Reached skill level 4 in Unarmed Combat
  1276 | D:2      | Noticed Jessica
  1281 | D:2      | Killed Jessica
  1282 | D:2      | Reached XP level 4. HP: 33/33 MP: 4/4
  1310 | D:2      | Reached ** piety under Trog
  1363 | D:2      | Found a sacrificial altar of Ru.
  2068 | D:1      | Bought a scroll of blinking for 75 gold pieces
  2244 | D:3      | Reached XP level 5. HP: 32/37 MP: 5/5
  2400 | D:3      | Reached skill level 5 in Unarmed Combat
  2531 | D:3      | Noticed Sigmund
  2550 | D:3      | Killed Sigmund
  2551 | D:3      | Reached XP level 6. HP: 44/44 MP: 6/6
  2557 | D:3      | Reached skill level 6 in Unarmed Combat
  2951 | D:3      | Found a runed translucent door.
  2952 | D:3      | Noticed Crazy Yiuf
  3097 | D:3      | Killed Crazy Yiuf
  3134 | D:4      | Noticed a black bear
  3148 | D:4      | Killed a black bear
  3149 | D:4      | Reached skill level 5 in Fighting
  3149 | D:4      | Reached XP level 7. HP: 50/50 MP: 7/7
  3399 | D:4      | Reached *** piety under Trog
  3450 | D:4      | Reached skill level 7 in Unarmed Combat
  3485 | D:4      | Noticed a yak
  3485 | D:4      | Noticed a yak
  3485 | D:4      | Noticed a yak
  3496 | D:4      | Killed a yak
  3503 | D:4      | Killed a yak
  3504 | D:4      | Reached XP level 8. HP: 57/57 MP: 8/8
  3506 | D:4      | Killed a yak
  3507 | D:4      | Reached skill level 8 in Unarmed Combat
  3595 | D:4      | Found Fan Peumost's Assorted Antiques.
  3606 | D:4      | Bought a scroll labelled YZUAMADO PIUR for 20 gold pieces
  3606 | D:4      | Bought a scroll labelled FIMEEN ZERAL for 20 gold pieces
  4025 | D:5      | Entered Level 5 of the Dungeon
  4140 | D:5      | Found a runed translucent gate.
  4140 | D:5      | Found a runed translucent gate.
  4142 | D:5      | Found a runed translucent gate.
  4154 | D:5      | Reached skill level 1 in Stealth
  4167 | D:5      | Noticed Sapher's ghost (weakling TrDe)
  4849 | D:5      | Reached skill level 9 in Unarmed Combat
  4945 | D:5      | Reached skill level 5 in Stealth
  5459 | D:6      | Reached XP level 9. HP: 61/62 MP: 9/9
  6058 | D:6      | Reached skill level 10 in Unarmed Combat
  6144 | D:6      | Identified the +1 robe of Distant Worlds {*Slow Fly Str+6}
  6149 | D:6      | Noticed Menkaure
  6332 | D:6      | Found Teat Suy's Jewellery Shoppe.
  6490 | D:6      | Reached **** piety under Trog
  6525 | D:6      | Found a staircase to the Ecumenical Temple.
  6608 | D:6      | Killed Menkaure
  6668 | D:7      | Slain by a sky beast

Illustrated notes

Levels and vault maps discovered:
D:1:      heliophobic_arrival_ceremonial_halls, layout_rooms,
          serial_co_window_serial, co_window_paths_a, co_window_paths_b,
          co_window_corner_a, co_window_of_opportunity_a,
          co_window_of_opportunity_a, co_window_broadway_a,
          co_window_of_opportunity_c, co_window_broadway_a, co_window_corner_b,
          co_window_paths_d, glass_columns_a, glass_columns_a, glass_columns_a,
          glass_columns_b, shapermc_ecumenical_altar_acropolis, serial_shops,
          nicolae_square_shop, minivault_19
D:2:      layout_rooms, basic_altar, uniq_jessica
D:3:      layout_rooms, uniq_crazy_yiuf_cottage, uniq_sigmund
D:4:      layout_basic, serial_shops, shop, grunt_decor_cap, grunt_ministairs_5,
          chequers_serial_rivers_micro_b
D:5:      layout_basic, gammafunk_ghost_split, nicolae_zen_rock_garden,
          dk_noncrumbling_4, minmay_misc_feat_secret_circle
D:6:      layout_cave_pools, minmay_temple_entry_statues, serial_shops,
          nicolae_diamond_shop, uniq_menkaure
D:7:      layout_basic, amcnicky_altar_gilded, gammafunk_ghost_hive,
          minmay_unpleasant_kobolds, uniq_maggie

Skill      XL: |  1  2  3  4  5  6  7  8  9 |
---------------+----------------------------+-----
Unarmed Combat | 4 5 6 7 9 10 | 10.7
Fighting       | 4 5 6 |  6.2
Stealth        | 5 7 |  7.0
Dodging        | 4 |  4.4

Action                   |  1- 3 |  4- 6 |  7- 9 || total
-------------------------+-------+-------+-------++-------
Melee: Unarmed           |    55 |   116 |   197 ||   368
       Tentacles         |     7 |    25 |    47 ||    79
       Constrict         |    16 |    39 |    34 ||    89
       Punch             |       |     4 |    14 ||    18
Throw: Dart              |       |       |     5 ||     5
Invok: Berserk           |       |     3 |     2 ||     5
       Trog's Hand       |       |     1 |     1 ||     2
  Use: Scroll            |       |     4 |     2 ||     6
       Potion            |       |     1 |       ||     1
 Stab: Sleeping          |     5 |     6 |     7 ||    18
Armor: Skin              |     3 |     2 |    27 ||    32
Dodge: Dodged            |    30 |    71 |   119 ||   220
